 Dungeon Crawl Stone Soup version 0.18.1-48-g4cf74bf (webtiles) character file.

184 Kisielow the Slasher (level 5, -7/46 HPs)
             Began as a Minotaur Fighter on July 11, 2016.
             Killed by nerve-wracking pain
             ... invoked by a shadow imp
             ... summoned by Eustachio
              (11 damage)
             ... on level 4 of the Dungeon.
             The game lasted 00:05:05 (2545 turns).

Kisielow the Slasher (Minotaur Fighter)             Turns: 2545, Time: 00:05:05

Health: -7/46      AC:  9    Str: 22      XL:     5   Next: 36%
Magic:  4/4        EV:  5    Int:  5      God:
Gold:   163        SH:  9    Dex:  5 (9)  Spells: 0 memorised, 4 levels left

rFire  . . .     SeeInvis .     a - +0 long sword
rCold  . . .     Gourm    .     s - +0 chain mail
rNeg   . . .     Faith    .     c - +0 shield
rPois  +         Spirit   .     (helmet restricted)
rElec  .         Dismiss  .     (no cloak)
rCorr  .         Reflect  .     (no gloves)
SustAt .         Harm     .     (no boots)
MR     .....                    (no amulet)
Stlth  ..........               (no ring)
                                p - ring of poison resistance

@: not resistant to hostile enchantments, extremely unstealthy
A: retaliatory headbutt, horns 2
a: no special abilities


You were on level 4 of the Dungeon.
You were hungry.

You visited 1 branch of the dungeon, and saw 4 of its levels.

You collected 163 gold pieces.

Inventory:

Hand Weapons
 a - a +0 long sword (weapon)
Armour
 c - a +0 shield (worn)
 s - a +0 chain mail (worn)
Jewellery
 p - a ring of poison resistance (left hand)
Scrolls
 b - a scroll of enchant armour {unknown}
 g - a scroll of fear {unknown}
 j - 2 scrolls of immolation {unknown}
 k - a scroll of magic mapping {unknown}
 o - 3 scrolls of teleportation {unknown}
 q - 3 scrolls of enchant weapon {unknown}
 t - 3 scrolls of recharging {unknown}
 w - a scroll of amnesia {unknown}
 x - a scroll of remove curse
 y - a scroll of random uselessness {unknown}
Potions
 v - a potion of curing
Comestibles
 f - 2 bread rations
 h - 2 meat rations


   Skills:
 + Level 4.1 Fighting
 * Level 6.0 Long Blades
 + Level 3.9 Armour
 + Level 4.1 Shields


You had 4 spell levels left.
You didn't know any spells.

Dungeon Overview and Level Annotations

Branches:
Dungeon (4/15)
 Temple: D:4-7

Altars:
Nemelex Xobeh
Qazlal
The Shining One

Annotations:
D:4 Eustachio


Innate Abilities, Weirdness & Mutations

You reflexively headbutt those who attack you in melee.
You have a pair of horns on your head.


Message History

Eustachio blinks!
You miss the bat. You block the bat's attack. x2
The bat hits you but does no damage.
You closely miss the bat. The bat hits you.
* * * LOW HITPOINT WARNING * * *
You block the bat's attack.
Eustachio casts a spell.
You slash the bat!
You kill the bat!
The bat's corpse disappears in a puff of smoke!
Eustachio gestures wildly while chanting.
You closely miss the shadow imp. Your headbutt misses the shadow imp.
The shadow imp hits you.
* * * LOW HITPOINT WARNING * * *
You closely miss the shadow imp.
The shadow imp disappears for a moment.
You block the shadow imp's attack. The shadow imp gestures at you.
Pain shoots through your body!
You die...

...........# #.5...#
...#####.#### ###5### #
#.# #.# # #.# #5# #####
#.# #b# ....# #.# #.#
#...## #.# #.#
.....########.#########.#
................@5r@.r.5#
.............############
....########## ##.## .#.#
#..# #############. #..#
#.....<....... #..#
#.......###### .#.#
#.......#


You could see Eustachio, a shadow imp, an ufetubus and 2 quokkas.

Vanquished Creatures
  A hound (D:4)
  A worker ant (D:4)
  4 adders
  3 oozes
  3 worms
  3 dart slugs
  A giant gecko (D:2)
  An orc (D:3)
  6 bats
  3 giant cockroaches
  11 goblins
  7 hobgoblins
  3 jackals (D:3)
  A quokka (D:2)
  3 giant newts
  12 kobolds
  8 rats
71 creatures vanquished.

Notes
Turn   | Place    | Note
--------------------------------------------------------------
     0 | D:1      | Kisielow the Minotaur Fighter began the quest for the Orb.
     0 | D:1      | Reached XP level 1. HP: 19/19 MP: 0/0
   205 | D:1      | Found a sparkling altar of Nemelex Xobeh.
   229 | D:1      | Reached skill level 3 in Long Blades
   242 | D:1      | Reached XP level 2. HP: 15/26 MP: 1/1
   587 | D:1      | Reached skill level 4 in Long Blades
   730 | D:2      | Reached XP level 3. HP: 28/31 MP: 2/2
  1091 | D:2      | Reached skill level 5 in Long Blades
  1118 | D:2      | Reached XP level 4. HP: 39/39 MP: 3/3
  1769 | D:3      | Found a glowing golden altar of the Shining One.
  2392 | D:4      | Reached XP level 5. HP: 46/46 MP: 4/4
  2415 | D:4      | Found a stormy altar of Qazlal.
  2427 | D:4      | Noticed Eustachio
  2453 | D:4      | Reached skill level 6 in Long Blades
  2480 | D:4      | Gained mutation: You have a pair of large horns on your head. [potion of mutation]
  2480 | D:4      | Gained mutation: You tend to lose your temper in combat. [potion of mutation]
  2480 | D:4      | Gained mutation: You are clumsy. (Dex -2) [potion of mutation]
  2485 | D:4      | Lost mutation: You are clumsy. (Dex -2) [potion of cure mutation]
  2485 | D:4      | Lost mutation: You have a pair of large horns on your head. [potion of cure mutation]
  2485 | D:4      | Lost mutation: You tend to lose your temper in combat. [potion of cure mutation]
  2545 | D:4      | Killed from afar by a shadow imp

Skill      XL: |  1  2  3  4  5 |
---------------+----------------+-----
Long Blades    | 3 4 5 6 |  6.0
Fighting       | 4 |  4.1
Shields        | 4 |  4.1
Armour         | |  3.9

Action                   |  1- 3 |  4- 6 || total
-------------------------+-------+-------++-------
Melee: Long sword        |    91 |   133 ||   224
       Headbutt          |    10 |    24 ||    34
  Use: Scroll            |       |     1 ||     1
       Potion            |       |     9 ||     9
  Eat: Chunk             |     1 |     4 ||     5
Armor: Scale mail        |    39 |     5 ||    44
       Chain mail        |       |   180 ||   180
Dodge: Dodged            |    24 |    72 ||    96
Block: Shield            |    52 |   140 ||   192
